 Dungeon Crawl Stone Soup version 0.32-a0-732-ga344392067 (webtiles) character file.

Game seed: 12468063250262242828

583425 timneilson the Cutthroat (level 27, -14/179 HPs)
             Began as a Kobold Enchanter on Mar 16, 2024.
             Was a High Priest of Ashenzari.
             Killed from afar by Tiamat (21 damage)
             ... with a bolt of lightning
             ... on level 1 of the Realm of Zot on Mar 17, 2024.
             The game lasted 06:28:05 (69660 turns).

timneilson the Cutthroat (Kobold Enchanter)        Turns: 69660, Time: 06:28:06

Health: -14/179    AC: 16    Str: 15    XL:     27
Magic:  36/41      EV: 42    Int: 18    God:    Ashenzari [*****.]
Gold:   3688       SH: 18    Dex: 27    Spells: 42/55 levels left

rFire   + . .        d - +8 dagger of Ashenzari's Dogma {speed, rF+, Comp, Cun} (curse)
rCold   + . .        e - +2 kite shield of Ashenzari's Blue Moon {reflect, Sorc, Melee} (curse)
rNeg    . . .        E - +0 troll leather armour of Ashenzari's Discomfort {Regen+, Melee, Elem} (curse)
rPois   +            Q - +2 helmet
rElec   +            I - +1 cloak "Stellar Vision" {rC+ Str+3, Self, Dev} (curse)
rCorr   +            A - +0 pair of gloves of Ashenzari's Dogma {rPois rC+, Self, Bglg} (curse)
SInv    +            F - +1 pair of boots "Mantic Discomfort" {Fly, Melee, Dev} (curse)
Will    ++...        k - amulet "Per Aspera Ad Scientiam" {Regen+, Fort, Cun} (curse) Stlth *+++++++++
                     U - ring of Panopticon {rPois rCorr AC+4, Elem, Cun} (curse)
HPRegen 2.09/turn    y - ring "Astrological Cynicism" {rElec rC- Str+6 Slay+4 Stlth+, Cun, Fort} (curse)
MPRegen 0.27/turn

%: reflection, clarity
@: mighty, silenced, corroded, flying, studying 2 skills
A: small, no large weapons, nightstalker 3
}: 4/15 runes: decaying, serpentine, silver, abyssal
a: Renounce Religion, Shatter the Chains


You were on level 1 of the Realm of Zot.
You worshipped Ashenzari.
Ashenzari was extremely pleased with you.
You visited 10 branches of the dungeon, and saw 44 of its levels.
You visited the Abyss 1 time.
You visited 3 bazaars.
You also visited: Trove, Ossuary, Gauntlet and Volcano.

You collected 8392 gold pieces.
You spent 4704 gold pieces at shops.

Inventory:

Hand Weapons
 d - the cursed +8 dagger of Ashenzari's Dogma (weapon) {speed, rF+, Comp, Cun}
   (You found it on level 2 of the Dungeon)

   rF+:       It protects you from fire.
   It has a curse which improves the following skills: Companions: Summonings
   and Necromancy.
   Cunning:   Dodging and Stealth.
Missiles
 f - 12 curare-tipped darts (quivered)
 p - 40 poisoned darts
 t - 9 throwing nets
Armour
 e - the cursed +2 kite shield of Ashenzari's Blue Moon (worn) {reflect, Sorc, Melee}
   (You took it off a naga warrior on level 2 of the Snake Pit)

   It has a curse which improves the following skills: Sorcery: Conjurations and
   Alchemy.
   Melee Combat: Short Blades, Long Blades, Axes, Maces & Flails, Polearms,
   Staves and Unarmed Combat.
 A - the cursed +0 pair of gloves of Ashenzari's Dogma (worn) {rPois rC+, Self, Bglg}
   (You found it in a Gauntlet)

   rC+:       It protects you from cold.
   rPois:     It protects you from poison.
   It has a curse which improves the following skills: Introspection: Fighting
   and Spellcasting.
   Beguiling: Hexes and Translocations.
 E - the cursed +0 troll leather armour of Ashenzari's Discomfort (worn) {Regen+, Melee, Elem}
   (You found it on level 9 of the Dungeon)

   Regen+:    It increases your rate of health regeneration.
   It has a curse which improves the following skills: Melee Combat: Short
   Blades, Long Blades, Axes, Maces & Flails, Polearms, Staves and Unarmed
   Combat.
   Elements:  Fire Magic, Ice Magic, Air Magic and Earth Magic.
 F - the cursed +1 pair of boots "Mantic Discomfort" (worn) {Fly, Melee, Dev}
   (You bought it in a shop in a bazaar)

   It has a curse which improves the following skills: Melee Combat: Short
   Blades, Long Blades, Axes, Maces & Flails, Polearms, Staves and Unarmed
   Combat.
   Devices:   Evocations and Shapeshifting.
 I - the cursed +1 cloak "Stellar Vision" (worn) {rC+ Str+3, Self, Dev}
   (You bought it in a shop on level 3 of the Vaults)

   Str+3:     It affects your strength (+3).
   rC+:       It protects you from cold.
   It has a curse which improves the following skills: Introspection: Fighting
   and Spellcasting.
   Devices:   Evocations and Shapeshifting.
 Q - a +2 helmet (worn)
Jewellery
 k - the cursed amulet "Per Aspera Ad Scientiam" (around neck) {Regen+, Fort, Cun}
   (You found it on level 5 of the Lair of Beasts)

   [amulet of regeneration]

   Regen+:    It increases your rate of health regeneration.
   It has a curse which improves the following skills: Fortitude: Armour and
   Shields.
   Cunning:   Dodging and Stealth.
 y - the cursed ring "Astrological Cynicism" (right hand) {rElec rC- Str+6 Slay+4 Stlth+, Cun, Fort}
   (You found it on level 2 of the Swamp)

   [ring of slaying]

   Str+6:     It affects your strength (+6).
   Slay+4:    It affects your accuracy & damage with ranged weapons and melee
   (+4).
   rC-:       It makes you vulnerable to cold.
   rElec:     It insulates you from electricity.
   Stlth+:    It makes you more stealthy.
   It has a curse which improves the following skills: Cunning: Dodging and
   Stealth.
   Fortitude: Armour and Shields.
 U - the cursed ring of Panopticon (left hand) {rPois rCorr AC+4, Elem, Cun}
   (You found it in a Gauntlet)

   [ring of protection]

   AC+4:      It affects your AC (+4).
   rPois:     It protects you from poison.
   rCorr:     It protects you from acid and corrosion.
   It has a curse which improves the following skills: Elements: Fire Magic, Ice
   Magic, Air Magic and Earth Magic.
   Cunning:   Dodging and Stealth.
Wands
 o - a wand of flame (95)
 u - a wand of roots (69)
 H - a wand of mindburst (29)
 M - a wand of light (36)
 R - a wand of digging (38)
Scrolls
 c - 8 scrolls of enchant weapon
 j - 5 scrolls of revelation
 m - 27 scrolls of teleportation
 n - 14 scrolls of poison
 v - 5 scrolls of butterflies
 w - 13 scrolls of fear
 B - 8 scrolls of blinking
 L - 3 scrolls of enchant armour
 N - a scroll of acquirement
 O - 5 scrolls of fog
 V - a scroll of silence
 Y - 4 scrolls of immolation
Potions
 a - 6 potions of haste
 g - 9 potions of berserk rage
 h - 6 potions of magic
 i - 27 potions of curing
 q - 6 potions of ambrosia
 x - 6 potions of mutation
 z - 5 potions of attraction
 C - 3 potions of invisibility
 D - 4 potions of heal wounds
 G - 3 potions of cancellation
 T - 10 potions of might
 X - 3 potions of resistance
Miscellaneous
 l - a sack of spiders (inert)
 J - a lightning rod (1/4)
 K - a tin of tremorstones (2/2)
 W - a phantom mirror


   Skills:
 + Level 16.9(19.9) Fighting
 * Level 26.1(27) Short Blades
 - Level 5.0 Throwing
 + Level 13.0(16.1) Armour
 * Level 24.1(27) Dodging
 + Level 21.3(25.9) Stealth
 + Level 11.5(14.7) Shields
 - Level 11.8(14.9) Spellcasting
 - Level 11.7(13.8) Hexes
 - Level 2.9(4.7) Translocations
 - Level 4.4(7.4) Ice Magic
 - Level 10.9(14.0) Air Magic
 - Level 5.2(8.3) Earth Magic
 + Level 19.5(22.3) Evocations


You had 42 spell levels left.
You knew the following spells:

 Your Spells              Type           Power      Damage    Failure   Level
a - Ensorcelled Hibernat  Hex/Ice        100%       N/A       1%          2
b - Silence               Hex/Air        29%        N/A       1%          5
c - Apportation           Tloc           60%        N/A       1%          1
d - Passwall              Erth           43%        N/A       1%          3
e - Blink                 Tloc           60%        N/A       2%          2

Your spell library contained the following spells:

 Spells                   Type           Power      Damage    Failure   Level
 Shock                    Conj/Air       100%       1d9       1%          1
 Mercury Vapours          Alch/Air       78%        N/A       1%          2
 Static Discharge         Conj/Air       78%        3-7/arc   1%          2
 Confusing Touch          Hex            58%        N/A       1%          3
 Dazzling Flash           Conj/Hex       76%        N/A       1%          3
 Frozen Ramparts          Ice            80%        1d13      1%          3
 Inner Flame              Hex/Fire       39%        N/A       1%          3
 Ozocubu's Armour         Ice            40%        N/A       1%          3
 Swiftness                Air            59%        N/A       1%          3
 Tukima's Dance           Hex            58%        N/A       1%          3
 Airstrike                Air            29%        2d(5-21)  1%          4
 Cause Fear               Hex            29%        N/A       1%          4
 Metabolic Englaciation   Hex/Ice        25%        N/A       3%          5
 Gell's Gravitas          Tloc           30%        N/A       4%          3
 Mephitic Cloud           Conj/Alch/Air  30%        N/A       4%          3
 Stone Arrow              Conj/Erth      56%        3d10      4%          3
 Teleport Other           Tloc           30%        N/A       4%          3
 Summon Lightning Spire   Summ/Air       39%        N/A       5%          4
 Hailstorm                Conj/Ice       27%        3d8       6%          3
 Summon Ice Beast         Ice/Summ       27%        N/A       6%          3
 Magic Dart               Conj           56%        1d5       9%          1
 Necrotise                Necr           56%        1d6       9%          1
 Sting                    Conj/Alch      56%        1d6       9%          1
 Summon Small Mammal      Summ           56%        N/A       9%          1
 Lee's Rapid Deconstruct  Erth           21%        3d12*     9%          5
 Volatile Blastmotes      Fire/Tloc      44%        2d13      11%         3
 Call Imp                 Summ           28%        N/A       13%         2
 Searing Ray              Conj           28%        2d5       13%         2
 Sublimation of Blood     Necr           14%        N/A       13%         2
 Manifold Assault         Tloc           30%        N/A       14%         4
 Passage of Golubria      Tloc           30%        N/A       14%         4
 Summon Mana Viper        Hex/Summ       38%        N/A       16%         5
 Brom's Barrelling Bould  Conj/Erth      28%        2d5       17%         4
 Leda's Liquefaction      Alch/Erth      14%        N/A       17%         4
 Petrify                  Alch/Erth      28%        N/A       17%         4
 Call Canine Familiar     Summ           14%        N/A       26%         3
 Fugue of the Fallen      Necr           14%        N/A       26%         3
 Iskenderun's Mystic Bla  Conj/Tloc      22%        2d6       34%         4
 Permafrost Eruption      Ice/Erth       20%        2x4d7     52%         6
 Plasma Beam              Fire/Air       19%        2x1d31    61%         6
 Sticky Flame             Fire/Alch      14%        2d5       63%         4
 Conjure Ball Lightning   Conj/Air       19%        3x3d6     63%         6
 Fulminant Prism          Conj/Alch      7%         3d7       65%         4
 Olgreb's Toxic Radiance  Alch           14%        N/A       65%         4
 Summon Forest            Summ/Tloc      11%        N/A       69%         5
 Maxwell's Capacitive Co  Air            29%        ∞         90%         8
 Dispersal                Tloc           15%        N/A       91%         6
 Fireball                 Conj/Fire      7%         3d5       93%         5
 Curse of Agony           Necr           14%        N/A       94%         5
 Irradiate                Conj/Alch      7%         3d14      94%         5
 Iskenderun's Battlesphe  Conj           14%        2d7       94%         5
 Bombard                  Conj/Erth      14%        9d3       95%         6
 Sculpt Simulacrum        Ice/Alch       13%        N/A       97%         6
 Starburst                Conj/Fire      7%         6d4       100%        6
 Summon Cactus Giant      Summ           7%         N/A       100%        6
 Haunt                    Necr/Summ      7%         N/A       100%        7
 Malign Gateway           Summ/Tloc      11%        N/A       100%        7
 Monstrous Menagerie      Summ           7%         N/A       100%        7
 Orb of Destruction       Conj           7%         9d6       100%        7
 Summon Hydra             Summ           7%         N/A       100%        7
 Borgnjor's Revivificati  Necr           7%         N/A       100%        8
 Disjunction              Tloc           15%        N/A       100%        8
 Ignition                 Fire           7%         3d4       100%        8
 Lehudib's Crystal Spear  Conj/Erth      14%        10d5      100%        8
 Chain Lightning          Conj/Air       19%        3d26      100%        9
 Death's Door             Necr           7%         N/A       100%        9
 Fire Storm               Conj/Fire      7%         8d2       100%        9
 Shatter                  Erth           21%        3d19*     100%        9


Dungeon Overview and Level Annotations

Branches:
Dungeon (15/15)            Temple (1/1) D:6            Lair (5/5) D:9
  Swamp (4/4) Lair:3        Snake (4/4) Lair:3        Slime (0/5) Lair:5
    Orc (2/2) D:11            Elf (3/3) Orc:2        Vaults (5/5) D:14
  Crypt (0/3) Vaults:2     Depths (4/4) D:15            Zot (1/5) Depths:4
Ossuary (visited)         Volcano (visited)         Gauntlet (visited)

Altars:
Ashenzari
Cheibriados
Dithmenos
Elyvilon
Fedhas
Gozag
Hepliaklqana
Kikubaaqudgha
Makhleb
Nemelex Xobeh
Okawaru
Qazlal
Ru
Sif Muna
Trog
Uskayaw
Vehumet
Wu Jian
Xom
Yredelemnul
Zin
The Shining One

Shops:
D:6 ?   Orc:2 ([*:   Snake:1 [*!:   Snake:3 ?   Snake:4 *   Vaults:3 ==[:
Depths:2 !(   Depths:4 (=:=

Portals:
Hell: Depths:1 Depths:2 Depths:3 Depths:4
Abyss: Depths:3
Pandemonium: Depths:1 Depths:2 Depths:4
Ziggurat: Depths:1

Annotations:
Temple 2 transporters
Zot:1 Tiamat


Innate Abilities, Weirdness & Mutations

You are small and have problems with some larger weapons.
You are completely attuned to the shadows.


Message History

Tiamat is severely wounded.
Tiamat completely misses you. Tiamat tail-slaps you!
You closely miss Tiamat.
Tiamat is severely wounded.
You completely miss Tiamat.
Tiamat is severely wounded.
You hit Tiamat but do no damage.
Tiamat is severely wounded.
Tiamat breathes lightning at you. The bolt of lightning misses you.
You closely miss Tiamat.
Tiamat is severely wounded.
You hit Tiamat.
Tiamat is severely wounded.
Tiamat completely misses you. Tiamat closely misses you.
You hit Tiamat but do no damage.
Tiamat is severely wounded.
The red draconian scorcher gestures at you while chanting.
The sphere of damnation explodes!
The damnation engulfs you!!
The damnation engulfs Tiamat!!
You completely miss Tiamat.
Tiamat is severely wounded.
Unknown command.
Casting: Silence (mildly dangerous; 1% risk of failure)
Confirm with . or Enter, or press ? or * to list all spells.
A profound silence engulfs you.
Tiamat hits you with a +3 bardiche of freezing!!!
* * * LOW HITPOINT WARNING * * *
Tiamat freezes you!
* * * LOW HITPOINT WARNING * * *
You block Tiamat's attack.
The red draconian scorcher breathes fire at you.
The searing blast misses you.
You barely miss Tiamat.
Tiamat is severely wounded.
You are engulfed in blazing flames.
You resist.
* * * LOW HITPOINT WARNING * * *
Tiamat breathes lightning at you. The bolt of lightning hits you!! You resist.
You die...

.♣§♣♣*##............,,,,,,.....).
.♣≈♣ ##......#....#****,..#......
..≈♣##.##........###,,,.........#
..≈♣#......[...................##
#..♣♣#.........∩####q.......q.##.
..≈♣ ♣.....#........#...d.....##.
..≈♣ ♣..............##$!.....⌠##.
...♣ ######.[.......#....{.....##
#.≈♣ ####.....d@...#.....##.[.##
..≈♣######............D........#.
..≈♣.####.?......................
#......##..............#.........
...♣≈♣................##...##....
....≈♣#.#####....#......>....#...
≈..♣≈♣..# #...........[....##..
≈......## #####............#.#.
...≈♣.## #.....#...#...###


You could see Tiamat (unsilenced, catching breath) and a red draconian scorcher
(catching breath).

Vanquished Creatures
  Frederick (Vaults:5)
  Xtahua (Vaults:4)
  Margery (Vaults:4)
  5 golden dragons
  Norris (Elf:1)
  A hellephant (Vaults:4)
  6 tentacled monstrosities
  Rupert (D:14)
  Zenata (Vaults:4)
  5 deep elf blademasters
  3 deep elf master archers (Elf:3)
  3 liches
  A walking frostbound tome (Depths:3)
  An Executioner (Abyss:4)
  The ghost of Vioczuc the Bludgeoner, an adept TrCK of Xom (Swamp:2)
  A death cob (Zot:1)
  2 quicksilver dragons
  2 titans (Vaults:5)
  8 sphinxes
  10 tengu reavers
  10 shadow dragons
  A thorn hunter (Swamp:4)
  9 storm dragons
  5 protean progenitors
  Donald (Swamp:3)
  3 draconian monks (Zot:1)
  A fenstrider witch (Swamp:2)
  10 frost giants
  A draconian knight (Zot:1)
  A draconian scorcher (Zot:1)
  Roxanne (Swamp:4)
  12 fire giants
  17 vault wardens
  2 iron dragons
  A deep elf elementalist (Elf:1)
  A caustic shrike zombie (Depths:2)
  9 deep elf sorcerers
  2 draconian shifters
  Louise (Elf:3)
  A draconian stormcaller (Zot:1)
  3 draconian annihilators
  A cacodemon (Abyss:4)
  5 ghouls (Swamp:4)
  A reaper (Abyss:4)
  27 ironbound preservers
  3 ghost moths (Zot:1)
  18 stone giants
  An orc warlord (Orc:2)
  27 very ugly things
  6 formless jellyfish
  2 spriggan defenders
  8 eleionomae
  6 green draconians
  15 deep elf annihilators
  5 vampire knights
  3 black draconians (Zot:1)
  6 yellow draconians
  10 ironbound thunderhulks
  A lorocyproca (Depths:1)
  3 red draconians
  4 deep elf demonologists
  A white draconian (Zot:1)
  A deep elf death mage (Elf:3)
  A minotaur (Gauntlet)
  A purple draconian (Depths:4)
  Azrael (Snake:1)
  2 war gargoyles
  30 dire elephants
  5 spark wasps
  5 bunyips
  12 fire dragons
  A blizzard demon (Abyss:4)
  12 ettins
  A shambling mangrove (Swamp:4)
  14 yaktaur captains
  A crystal guardian (Vaults:3)
  A merfolk impaler (Depths:4)
  3 jiangshi (Depths:1)
  8 ice dragons
  Harold (D:9)
  3 salamander tyrants (Snake:4)
  32 vault guards
  6 deep elf high priests
  9 alligators
  The ghost of CBP the Basher, a journeyman CoBe of Trog (D:9)
  10 spriggan air magi
  10 great orbs of eyes
  9 ironbound frosthearts
  5 rakshasas
  3 ogre magi
  2 peacekeepers
  23 hydras
  A sphinx zombie (Depths:2)
  15 centaur warriors
  2 death knights
  3 ghost crabs
  12 anacondas
  A radroach (Zot:1)
  5 two-headed ogres
  6 boulder beetles
  24 dancing weapons
  A boulder beetle (shapeshifter) (Depths:3)
  8 deep troll shamans
  A hell hog (Gauntlet)
  A death yak (Lair:4)
  6 tengu warriors
  5 deep troll earth magi
  22 naga warriors
  2 thrashing horrors (Abyss:4)
  4 vampire magi
  10 naga sharpshooters
  8 spriggan berserkers
  4 sun demons
  3 orc high priests (Orc:2)
  A storm dragon zombie (D:15)
  9 shock serpents
  2 occultists
  21 deep elf knights
  4 iron trolls
  A wretched star (Abyss:4)
  4 salamander mystics (Snake:4)
  30 hell knights
  A fire crab (Gauntlet)
  6 skysharks
  6 goliath frogs
  2 skeletal warriors (D:15)
  2 spark wasp zombies (D:15)
  2 spriggan druids (Swamp:3)
  64 deep trolls
  14 swamp dragons
  18 mana vipers
  2 flayed ghosts
  13 arcanists
  7 bog bodies
  4 glowing orange brains
  17 deep elf archers
  A shadow demon (Depths:1)
  A sun moth (shapeshifter) (Vaults:5)
  13 lindwurms
  13 necromancers
  18 ironbound convokers
  A thermic dynamo (Elf:1)
  A lindwurm (shapeshifter) (Depths:2)
  5 naga ritualists
  35 deep elf pyromancers
  29 deep elf zephyrmancers
  5 phantasmal warriors
  9 orc knights
  A golden dragon skeleton (Vaults:4)
  9 harpies
  4 orc sorcerers (Orc:2)
  7 cyclopes
  A faun (shapeshifter) (Vaults:5)
  A worldbinder (Abyss:4)
  3 will-o-the-wisps
  4 manticores
  A frost giant zombie (Depths:2)
  8 elephants
  66 ugly things
  A stone giant zombie (Vaults:5)
  A meliai (shapeshifter) (D:13)
  8 moths of wrath
  20 salamanders
  37 black mambas
  6 draconians (Abyss:4)
  15 naga magi
  A stone giant skeleton (Vaults:4)
  7 guardian serpents
  21 vault sentinels
  3 torpor snails
  A naga zombie (Abyss:4)
  A titan simulacrum (Abyss:4)
  9 large abominations
  11 cane toads
  A gargoyle (D:12)
  A kobold demonologist (D:13)
  49 yaktaurs
  3 efreet
  4 unseen horrors (Depths:3)
  4 rime drakes
  A yaktaur zombie (Vaults:4)
  An unseen horror (shapeshifter) (Elf:2)
  Psyche (D:9)
  2 yaktaur skeletons (Vaults:5)
  A golden dragon simulacrum (Depths:2)
  A freezing wraith (Vaults:2)
  10 komodo dragons
  6 tengu conjurers
  4 wind drakes (Depths:4)
  9 trolls
  A troll (shapeshifter) (D:13)
  4 bloated husks
  6 blink frogs
  A wind drake (shapeshifter) (Vaults:5)
  29 hornets
  A shadow dragon simulacrum (Vaults:3)
  Grinder (D:5)
  5 polar bears
  A glass eye (Depths:2)
  A dream sheep (Lair:5)
  16 tyrant leeches
  35 spriggans
  A culicivora (shapeshifter) (Vaults:5)
  60 slime creatures
  A shadow (D:9)
  4 air elementals
  50 yaks
  2 centaur simulacra
  3 ettin skeletons
  Sigmund (D:4)
  4 water elementals
  8 fire bats
  4 wraiths
  5 basilisks
  2 neqoxecs (Abyss:4)
  5 wargs
  4 fire elementals (Snake:1)
  Eustachio (D:5)
  3 steam dragons
  A redback (Vaults:4)
  17 vampire mosquitoes
  19 swamp worms
  A two-headed ogre zombie (D:11)
  A swamp worm (shapeshifter) (Vaults:4)
  53 nagas
  An acid dragon (D:10)
  12 water moccasins
  6 hell hounds
  A glowing shapeshifter skeleton (Vaults:4)
  10 swamp drakes
  An ice beast (D:6)
  6 black bears
  32 orc warriors
  11 ogres
  4 boggarts (Lair:5)
  4 small abominations
  30 wolves
  A human skeleton (Vaults:3)
  6 centaurs
  Blork the orc (D:4)
  3 kobold brigands
  12 bullfrogs
  2 scorpions
  7 earth elementals
  3 troll zombies (D:11)
  18 killer bees
  A howler monkey (D:4)
  5 electric eels
  4 lava snakes (Lair:3)
  2 bombardier beetles
  2 jellies
  27 orc priests
  3 hounds
  Natasha (D:2)
  Terence (D:3)
  5 iguanas
  13 orc wizards
  8 hell rats
  4 ogre zombies (D:11)
  8 mummies (Ossuary)
  11 adders
  3 gnolls (D:4)
  5 river rats (Lair:1)
  2 white imps
  A ribbon worm (D:2)
  3 dart slugs
  66 orcs
  5 ball pythons
  8 bats
  4 endoplasms
  4 giant cockroaches
  8 goblins
  7 hobgoblins
  3 jackals (D:3)
  20 kobolds
  5 quokkas
  5 frilled lizards
  2 gnoll skeletons (D:11)
  4 gnoll zombies
  A hobgoblin zombie (Ossuary)
  4 kobold zombies (Ossuary)
  3 orc skeletons (D:11)
  19 orc zombies
  14 rats
  An aspiring flesh (Zot:1)
2177 creatures vanquished.

Vanquished Creatures (collateral kills)
  Aizul (Snake:2)
  A draconian shifter (Zot:1)
  A draconian scorcher (Zot:1)
  A red draconian (Zot:1)
  A white draconian (Zot:1)
  An entropy weaver (Vaults:4)
  A yaktaur captain (Vaults:4)
  A great orb of eyes (Vaults:4)
  A naga ritualist (Snake:3)
  2 deep trolls (Vaults:4)
  A mana viper (Snake:3)
  2 lindwurms (Vaults:4)
  2 yaktaurs (Vaults:4)
16 creatures vanquished.

Vanquished Creatures (others)
  A deep troll (Vaults:1)
  3 bloated husks (Swamp:2)
  2 slime creatures (D:13)
  9 foxfires
15 creatures vanquished.

Grand Total: 2208 creatures vanquished

Notes
Turn   | Place    | Note
-------+----------+-------------------------------------------
     0 | D:1      | timneilson the Kobold Enchanter began the quest for the
                  | Orb.
     0 | D:1      | Reached XP level 1. HP: 10/10 MP: 3/3
    59 | D:1      | Reached XP level 2. HP: 16/16 MP: 5/5
   193 | D:1      | Reached skill level 2 in Short Blades
   196 | D:1      | Found a faded altar of an unknown god.
   352 | D:1      | Reached XP level 3. HP: 20/20 MP: 6/6
   743 | D:2      | Identified the +8 dagger "Fuibaetu" {speed, rF+}
   837 | D:2      | Reached skill level 1 in Fighting
   889 | D:2      | Noticed Natasha
   893 | D:2      | Killed Natasha
   894 | D:2      | Reached XP level 4. HP: 25/25 MP: 7/7
  1127 | D:2      | Reached skill level 3 in Short Blades
  1332 | D:2      | Reached skill level 1 in Armour
  1539 | D:3      | Noticed Terence
  1552 | D:3      | Killed Terence
  1553 | D:3      | Reached XP level 5. HP: 15/29 MP: 8/8
  1780 | D:3      | Reached skill level 5 in Stealth
  1842 | D:3      | Reached XP level 6. HP: 31/35 MP: 9/9
  1864 | D:3      | Reached skill level 4 in Short Blades
  2095 | D:4      | Noticed an ogre
  2100 | D:4      | Killed an ogre
  2115 | D:4      | Noticed Sigmund
  2116 | D:4      | Noticed an ogre
  2119 | D:4      | Killed Sigmund
  2120 | D:4      | Reached skill level 5 in Short Blades
  2120 | D:4      | Reached skill level 5 in Dodging
  2120 | D:4      | Reached XP level 7. HP: 29/40 MP: 10/10
  2241 | D:4      | Reached XP level 8. HP: 46/46 MP: 11/11
  2817 | D:4      | Noticed Blork the orc
  2821 | D:4      | Killed Blork the orc
  2822 | D:4      | Reached skill level 6 in Short Blades
  3219 | D:5      | Entered Level 5 of the Dungeon
  3219 | D:5      | Noticed Eustachio
  3222 | D:5      | Killed Eustachio
  3223 | D:5      | Reached skill level 1 in Evocations
  3394 | D:5      | Noticed Grinder
  3485 | D:5      | Noticed a yak
  3491 | D:5      | Noticed a yak
  3491 | D:5      | Noticed a yak
  3492 | D:5      | Killed a yak
  3494 | D:5      | Killed a yak
  3495 | D:5      | Reached skill level 7 in Short Blades
  3495 | D:5      | Reached XP level 9. HP: 52/52 MP: 12/12
  3796 | D:5      | Identified the +3 leather armour "Saloerei" {*Corrode rElec
                  | Str+2}
  3874 | D:5      | Killed Grinder
  3875 | D:5      | Reached skill level 8 in Short Blades
  4192 | D:6      | Found a staircase to the Ecumenical Temple.
  4231 | Temple   | Found a transporter.
  4231 | Temple   | Found a transporter.
  4231 | Temple   | Found a transporter.
  4231 | Temple   | Found a transporter.
  4231 | Temple   | Entered the Ecumenical Temple
  4247 | Temple   | Became a worshipper of Ashenzari the Shackled
  4338 | D:6      | Reached skill level 5 in Fighting
  4431 | D:6      | Found Gezxyi's Magic Scroll Emporium.
  4928 | D:7      | Found a sand-covered staircase.
  4933 | Ossuary  | Entered an ossuary
  4983 | Ossuary  | Reached XP level 10. HP: 48/59 MP: 13/13
  5719 | D:7      | Reached skill level 9 in Short Blades
  6333 | D:7      | Reached skill level 11 in Short Blades
  6333 | D:7      | Reached skill level 5 in Armour
  6333 | D:7      | Reached skill level 10 in Dodging
  6333 | D:7      | Reached XP level 11. HP: 66/66 MP: 14/14
  7046 | D:8      | Found a shimmering altar of Xom.
  7189 | D:9      | Reached * piety under Ashenzari
  7249 | D:9      | Found a large runed translucent door.
  7250 | D:9      | Found a large runed translucent door.
  7265 | D:9      | Found an iron altar of Okawaru.
  7267 | D:9      | Found an opulent altar of Gozag.
  7307 | D:9      | Noticed Psyche
  7311 | D:9      | Killed Psyche
  7393 | D:9      | Noticed Harold
  7396 | D:9      | Found a staircase to the Lair.
  7398 | D:9      | Killed Harold
  7399 | D:9      | Reached skill level 1 in Throwing
  7683 | D:9      | Reached skill level 10 in Stealth
  7689 | D:9      | Identified the +6 rapier "Ynin" {spect, rC- Str+3 Dex+3}
  7691 | D:9      | Identified the +1 short sword of Demonkind {antimagic,
                  | Dex+3}
  7931 | D:9      | Reached skill level 12 in Short Blades
  8489 | D:9      | Noticed CBP's ghost (journeyman CoBe)
  8508 | D:10     | Entered Level 10 of the Dungeon
  9777 | D:11     | Noticed a cyclops
  9781 | D:11     | Killed a cyclops
  9782 | D:11     | Reached XP level 12. HP: 75/75 MP: 16/16
 10060 | D:11     | Noticed a death knight
 10061 | D:11     | Noticed a centaur warrior
 10081 | D:11     | Identified the +4 great sword of Venafon {freeze, rF- rN+
                  | Dex+4}
 10081 | D:11     | Noticed an ogre mage
 10082 | D:11     | Noticed a tengu warrior
 10249 | D:11     | Reached ** piety under Ashenzari
 10373 | D:11     | Found a staircase to the Orcish Mines.
 10614 | D:11     | Noticed a boulder beetle
 10618 | D:11     | Killed a boulder beetle
 11045 | D:12     | Reached skill level 13 in Short Blades
 11705 | D:12     | Noticed a two-headed ogre
 11709 | D:12     | Killed a two-headed ogre
 11998 | D:12     | Reached skill level 1 in Shields
 12130 | D:13     | Noticed a death knight
 12191 | D:13     | Killed a death knight
 12192 | D:13     | Reached XP level 13. HP: 21/80 MP: 17/17
 12389 | D:13     | Found a portal to a secret trove of treasure.
 12694 | D:13     | Noticed an entropy weaver
 12698 | D:13     | Noticed a tengu reaver
 12699 | D:13     | Noticed a six-headed hydra
 13228 | D:14     | Identified the maw talisman "Lyzoask" {rN++ Will- Str-3
                  | Int+4}
 13228 | D:14     | Noticed Rupert
 13232 | D:14     | Killed Rupert
 13273 | D:14     | Reached skill level 14 in Short Blades
 13453 | D:14     | Reached skill level 5 in Throwing
 13711 | D:14     | Found a gate to the Vaults.
 14202 | Lair:1   | Entered Level 1 of the Lair of Beasts
 14616 | Lair:1   | Learned a level 2 spell: Ensorcelled Hibernation
 15317 | Lair:1   | Reached XP level 14. HP: 81/88 MP: 19/19
 15566 | Lair:2   | Found a gate leading to a gauntlet.
 15572 | Gauntlet | Entered a Gauntlet
 15572 | Gauntlet | Found a transporter.
 15584 | Gauntlet | Found a transporter.
 15598 | Gauntlet | Noticed a balrug
 15626 | Gauntlet | Found a transporter.
 15640 | Gauntlet | Identified the +11 flail of Distraction {venom, rF+ Str+3
                  | Dex+3}
 15641 | Gauntlet | Found a transporter.
 15677 | Gauntlet | Identified the ring of the Catfish {rPois rCorr AC+4}
 15688 | Gauntlet | Found a transporter.
 15689 | Gauntlet | Identified the +0 helmet "Lohac" {-Tele rElec rC- SInv}
 15723 | Gauntlet | Found a transporter.
 15746 | Gauntlet | Identified the +0 pair of gloves of Favosk {rPois rC+}
 15747 | Gauntlet | Found a transporter.
 15747 | Gauntlet | Found a transporter.
 15782 | Gauntlet | Found a transporter.
 15782 | Gauntlet | Found a transporter.
 16202 | Gauntlet | Identified the +10 plate armour "Pamietruraa" {rElec Dex+5}
 16202 | Gauntlet | Noticed a minotaur
 16230 | Gauntlet | Killed a minotaur
 16655 | Lair:2   | Reached skill level 15 in Short Blades
 18182 | Lair:3   | Found a staircase to the Snake Pit.
 18188 | Lair:3   | Reached skill level 1 in Ice Magic
 18640 | Lair:3   | Found a staircase to the Swamp.
 18640 | Lair:3   | Noticed an eleionoma
 18642 | Lair:3   | Killed an eleionoma
 19023 | Lair:4   | Reached *** piety under Ashenzari
 19140 | Lair:4   | Identified the blade talisman of Pessimism {rC+ Str+4}
 19156 | Lair:4   | Found a hazy altar of Hepliaklqana.
 19375 | Lair:4   | Reached **** piety under Ashenzari
 19800 | Lair:5   | Entered Level 5 of the Lair of Beasts
 20492 | Lair:5   | Reached XP level 15. HP: 99/99 MP: 24/26
 21237 | Lair:5   | Found a staircase to the Slime Pits.
 21461 | Lair:5   | Reached skill level 10 in Fighting
 21916 | Lair:5   | Reached skill level 16 in Short Blades
 21959 | Lair:5   | Identified Sif Muna's Precepts of Spagyria and the
                  | Congregation
 22655 | Orc:1    | Entered Level 1 of the Orcish Mines
 23015 | D:9      | Killed CBP's ghost
 23016 | D:9      | Reached skill level 10 in Evocations
 23182 | D:11     | Reached skill level 15 in Dodging
 24098 | Orc:2    | Entered Level 2 of the Orcish Mines
 24126 | Orc:2    | Found a flickering gateway to a bazaar.
 24132 | Bazaar   | Entered a bazaar
 24134 | Bazaar   | Found Jileiwko's Magic Scroll Shoppe.
 24134 | Bazaar   | Found Vadaps's Antique Armour Shoppe.
 24154 | Bazaar   | Found Hirif's Antique Weapon Boutique.
 24165 | Bazaar   | Found Nel Vemax's Jewellery Emporium.
 24173 | Bazaar   | Found Diecig's General Store.
 24200 | Bazaar   | Bought a pair of embroidered boots for 187 gold pieces
 24237 | Bazaar   | Bought a scroll of fear for 40 gold pieces
 24338 | Orc:2    | Found a dark tunnel.
 24343 | Volcano  | Entered a volcano
 24834 | Orc:2    | Reached skill level 5 in Spellcasting
 25166 | Orc:2    | Found a staircase to the Elven Halls.
 25426 | Orc:2    | Paralysed by an orc sorcerer for 5 turns
 25630 | Orc:2    | Found Utuan's Antique Armour Shop.
 25630 | Orc:2    | Found Revomo's Antique Weapon Boutique.
 25639 | Orc:2    | Found Zios's General Store.
 25640 | Orc:2    | Found Zif Opoo's Book Shop.
 25644 | Orc:2    | Bought a scroll of acquirement for 676 gold pieces
 25644 | Orc:2    | Acquired 518 gold pieces
 25647 | Orc:2    | Bought a book of the Senses for 560 gold pieces
 25653 | Orc:2    | Learned a level 5 spell: Silence
 25924 | D:13     | Reached XP level 16. HP: 101/104 MP: 27/27
 25957 | D:13     | Killed a tengu reaver
 26144 | D:15     | Entered Level 15 of the Dungeon
 26212 | D:15     | Reached skill level 1 in Air Magic
 26364 | D:15     | Identified the flux talisman "Putucrukk" {Will- Dex+5 SInv}
 26561 | D:15     | Found a sacrificial altar of Ru.
 26711 | D:15     | Reached skill level 5 in Shields
 27379 | D:15     | Reached skill level 17 in Short Blades
 27427 | D:15     | Found a staircase to the Depths.
 27834 | Snake:1  | Entered Level 1 of the Snake Pit
 27840 | Snake:1  | Found Juhuikhu's Book Shoppe.
 27871 | Snake:1  | Found Mustoiru's Distillery.
 27872 | Snake:1  | Found a shimmering altar of Xom.
 27909 | Snake:1  | HP: 2/104 [constriction (6)]
 27985 | Snake:1  | Found Kiuth's Assorted Antiques.
 28035 | Snake:1  | Noticed Azrael
 28188 | Snake:1  | Killed Azrael
 28189 | Snake:1  | Reached skill level 5 in Hexes
 28365 | Snake:1  | Found Aseugid's Armour Shoppe.
 29083 | Snake:1  | Reached XP level 17. HP: 110/110 MP: 29/29
 30142 | Snake:2  | Identified the serpent talisman of Joy {rCorr Str+3 Stlth+}
 30142 | Snake:2  | Noticed Aizul
 30151 | Snake:2  | Killed Aizul
 30243 | Snake:2  | Identified the +3 scale mail "Jivuqen" {Fly rF+}
 30737 | Snake:3  | Found a transporter.
 30739 | Snake:3  | Found Kiqaqett's Magic Scroll Emporium.
 30877 | Snake:3  | Reached ***** piety under Ashenzari
 31435 | Snake:3  | Found a transporter.
 31442 | Snake:3  | Bought a scroll of teleportation for 60 gold pieces
 31442 | Snake:3  | Bought a scroll of fear for 80 gold pieces
 31595 | Snake:3  | Reached skill level 18 in Short Blades
 32077 | Snake:3  | HP: 2/112 [salamander/+0 glaive (6)]
 32282 | Snake:3  | Reached XP level 18. HP: 117/117 MP: 32/32
 32369 | Snake:4  | Entered Level 4 of the Snake Pit
 33098 | Snake:4  | Reached skill level 15 in Stealth
 33136 | Snake:4  | Found Yrphessuo's Overcharged Wands.
 33414 | Snake:4  | Identified the +1 sling "Keihivis" {freeze, Will+ SInv
                  | Stlth+}
 33526 | Snake:4  | Identified the +5 chain mail of Nuigoov {Dex+4 Stlth+}
 33863 | Swamp:1  | Entered Level 1 of the Swamp
 34802 | Swamp:2  | Found a transporter.
 34811 | Swamp:2  | Noticed Vioczuc's ghost (adept TrCK)
 34811 | Swamp:2  | Identified the ring of the Pariah {rElec rC- Str+6 Slay+4
                  | Stlth+}
 34826 | Swamp:2  | Found a transporter.
 35065 | Swamp:2  | Reached skill level 5 in Air Magic
 35756 | Swamp:3  | Learned a level 1 spell: Apportation
 35782 | Swamp:3  | Reached skill level 19 in Short Blades
 35795 | Swamp:3  | Identified the +0 kite shield of the Evening {^Drain Int+5
                  | SInv Stlth+}
 35795 | Swamp:3  | Noticed Donald
 35929 | Swamp:3  | Reached XP level 19. HP: 108/124 MP: 33/33
 36237 | Swamp:3  | Killed Donald
 36425 | Swamp:4  | Entered Level 4 of the Swamp
 36634 | Swamp:4  | Reached ****** piety under Ashenzari
 36641 | Swamp:4  | Reached skill level 1 in Translocations
 37021 | Swamp:4  | Noticed Roxanne
 37130 | Swamp:4  | Killed Roxanne
 37901 | Swamp:4  | Got a decaying rune of Zot
 38447 | Swamp:2  | Killed Vioczuc's ghost
 39222 | Snake:4  | Reached XP level 20. HP: 121/131 MP: 30/35
 39505 | Snake:4  | Got a serpentine rune of Zot
 40025 | Vaults:1 | Entered Level 1 of the Vaults
 40314 | Vaults:1 | Reached skill level 20 in Short Blades
 42284 | Vaults:1 | Reached skill level 10 in Armour
 42468 | Vaults:1 | Reached XP level 21. HP: 130/137 MP: 37/37
 43700 | Vaults:2 | Reached skill level 21 in Short Blades
 44186 | Vaults:2 | Identified the +10 whip of Asarurun {speed, rC+ Str+3
                  | Int+3}
 44448 | Vaults:2 | Found a staircase to the Crypt.
 44623 | Vaults:2 | Paralysed by a formless jellyfish for 1 turns
 45243 | Vaults:3 | Reached XP level 22. HP: 144/144 MP: 39/39
 45254 | Vaults:3 | Reached skill level 10 in Spellcasting
 46167 | Snake:1  | Bought a potion of haste for 250 gold pieces
 46167 | Snake:1  | Bought 2 potions of heal wounds for 250 gold pieces
 46173 | Snake:1  | Bought a potion of heal wounds for 75 gold pieces
 46173 | Snake:1  | Bought a potion of curing for 45 gold pieces
 46173 | Snake:1  | Bought a potion of might for 60 gold pieces
 46173 | Snake:1  | Bought a potion of heal wounds for 75 gold pieces
 46173 | Snake:1  | Bought a potion of might for 60 gold pieces
 46946 | Vaults:3 | Found Ajysotwe's Jewellery Emporium.
 47469 | Vaults:3 | Found Zyrr's Jewellery Emporium.
 47527 | Vaults:3 | Found Usovadet's Armour Emporium.
 47594 | Vaults:3 | Found Tiolleoj's Book Emporium.
 48041 | Vaults:3 | Bought the +1 cloak "Qepn" {rC+ Str+3} for 447 gold pieces
 48517 | Vaults:4 | Reached skill level 22 in Short Blades
 48588 | Vaults:4 | Found a flickering gateway to a bazaar.
 48595 | Bazaar   | Entered a bazaar
 48598 | Bazaar   | Found Palogo's Book Shoppe.
 48604 | Bazaar   | Found Hetown's General Store.
 48612 | Bazaar   | Found Elufamo's Magic Scroll Shop.
 48618 | Bazaar   | Found Uplieg's Antique Armour Shoppe.
 48624 | Bazaar   | Found Getwoy's Antique Armour Emporium.
 48644 | Bazaar   | Bought a scroll of blinking for 112 gold pieces
 48644 | Bazaar   | Bought a scroll of teleportation for 45 gold pieces
 48644 | Bazaar   | Bought a scroll of teleportation for 45 gold pieces
 48800 | Vaults:4 | Found the +3 salamander hide armour {Flames, rFlCloud rF++
                  | rC--}
 48885 | Vaults:4 | Reached XP level 23. HP: 149/149 MP: 38/41
 49044 | Vaults:4 | Identified the +4 steam dragon scales of Prudence {rN+}
 49252 | Vaults:4 | Noticed Zenata
 49256 | Vaults:4 | Killed Zenata
 49815 | Vaults:4 | Noticed Margery
 49841 | Abyss:4  | Cast into level 4 of the Abyss (Margery)
 49858 | Abyss:4  | Found a transporter.
 49918 | Abyss:4  | Got an abyssal rune of Zot
 49933 | Abyss:4  | Found a transporter.
 50026 | Abyss:4  | Found a transporter.
 50210 | Vaults:4 | Escaped the Abyss
 50235 | Vaults:4 | Killed Margery
 50702 | Vaults:4 | Noticed Xtahua
 50706 | Vaults:4 | Killed Xtahua
 51043 | D:13     | You paid a toll of +3 storm dragon scales to enter a
                  | treasure trove
 51044 | Trove    | Entered a treasure trove
 51751 | Vaults:5 | Entered Level 5 of the Vaults
 52363 | Vaults:5 | Noticed a golden dragon
 52372 | Vaults:5 | Killed a golden dragon
 52395 | Vaults:5 | Reached XP level 24. HP: 160/160 MP: 38/43
 52408 | Vaults:5 | Reached skill level 10 in Hexes
 53003 | Vaults:5 | Identified the orb of Penitush {*channel, rF+}
 53003 | Vaults:5 | Noticed Frederick
 53005 | Vaults:5 | Identified the +1 dagger of Divine Valour {freeze, rCorr
                  | Str+3 Int-5 Dex+5}
 53006 | Vaults:5 | Killed Frederick
 53007 | Vaults:5 | Reached skill level 15 in Evocations
 53009 | Vaults:5 | Reached skill level 23 in Short Blades
 53537 | Vaults:5 | Identified the ring "Geihoim" {Fly rF+ Str+6 Int-4 Slay+4}
 54403 | Vaults:5 | Learned a level 3 spell: Passwall
 54541 | Vaults:5 | Identified the +1 flail "Coenelo" {drain, rPois Dex+6}
 54808 | Vaults:5 | Got a silver rune of Zot
 55410 | Elf:1    | Entered Level 1 of the Elven Halls
 55521 | Elf:1    | Reached skill level 1 in Earth Magic
 55577 | Elf:1    | Identified the Folio of Energy
 56098 | Elf:1    | Reached skill level 15 in Fighting
 56298 | Elf:1    | Noticed Norris
 56303 | Elf:1    | Killed Norris
 56328 | Elf:1    | Reached XP level 25. HP: 168/168 MP: 43/43
 56719 | Elf:2    | Found an ancient bone altar of Kikubaaqudgha.
 56925 | Elf:2    | Found a runed translucent gate.
 56925 | Elf:2    | Found a runed translucent gate.
 56925 | Elf:2    | Found a runed translucent gate.
 57487 | Elf:2    | Reached skill level 10 in Shields
 57992 | Elf:3    | Entered Level 3 of the Elven Halls
 58449 | Elf:3    | Identified the Handbook of Get Rich Quick!
 58463 | Elf:3    | Reached skill level 10 in Air Magic
 59013 | Elf:3    | Noticed Louise
 59017 | Elf:3    | Killed Louise
 59101 | Elf:3    | Reached skill level 24 in Short Blades
 59593 | Elf:3    | Identified the +1 quarterstaff of Ypnongem {protect, Dex+4
                  | Stlth+}
 59784 | Elf:3    | Identified the amulet "Wunoth Hudue" {Spirit rF+ Int+3}
 59785 | Elf:3    | Identified the +0 leather armour "Gysemacw" {Will++ Stlth+}
 59787 | Elf:3    | Identified the Encyclopedia of the Beguiled Mantle
 59789 | Elf:3    | Identified the +7 arbalest of the Desert {freeze, rPois
                  | Int+2}
 59806 | Elf:3    | Identified the +1 leather armour of Time Monsters {Rampage
                  | rElec Str+2 Dex+2}
 59878 | Elf:3    | Identified the amulet of Laxkoloz {^Contam rPois RegenMP+
                  | Str-3 Dex+8}
 59882 | Elf:3    | Identified the Incunabulum of Ozone and Hurting
 59883 | Elf:3    | Identified the ring of the Voivode {*Corrode rC+ Str+3
                  | Int+5}
 60278 | Depths:1 | Entered Level 1 of the Depths
 60622 | Depths:1 | Found a one-way gateway to a ziggurat.
 60776 | Depths:1 | Reached XP level 26. HP: 174/174 MP: 43/43
 60965 | Depths:1 | Found a gateway to Hell.
 62189 | Depths:1 | Found a one-way gate leading to the halls of Pandemonium.
 62759 | Depths:2 | Found a flickering gateway to a bazaar.
 62765 | Bazaar   | Entered a bazaar
 62765 | Bazaar   | Found Gamatatt's Distillery.
 62765 | Bazaar   | Found Oho Gar's Weapon Shop.
 62766 | Bazaar   | Found Niavarr's Distillery.
 62766 | Bazaar   | Found Vischecuh's General Store.
 62767 | Bazaar   | Found Nues Fae's Distillery.
 62767 | Bazaar   | Found Haclen's Antique Weapon Boutique.
 62784 | Bazaar   | Bought a potion of curing for 21 gold pieces
 62784 | Bazaar   | Bought a potion of curing for 21 gold pieces
 62784 | Bazaar   | Bought a potion of mutation for 56 gold pieces
 62784 | Bazaar   | Bought a potion of curing for 21 gold pieces
 62784 | Bazaar   | Bought a potion of heal wounds for 35 gold pieces
 62784 | Bazaar   | Bought a potion of heal wounds for 35 gold pieces
 62786 | Bazaar   | Bought a potion of curing for 45 gold pieces
 62786 | Bazaar   | Bought a potion of heal wounds for 75 gold pieces
 62792 | Bazaar   | Bought 3 potions of curing for 81 gold pieces
 62792 | Bazaar   | Bought a potion of mutation for 72 gold pieces
 62792 | Bazaar   | Bought a potion of mutation for 72 gold pieces
 62792 | Bazaar   | Bought a potion of berserk rage for 45 gold pieces
 62792 | Bazaar   | Bought a potion of berserk rage for 45 gold pieces
 62792 | Bazaar   | Bought a potion of haste for 90 gold pieces
 62792 | Bazaar   | Bought a potion of heal wounds for 45 gold pieces
 62802 | Bazaar   | Bought a scroll of teleportation for 42 gold pieces
 62802 | Bazaar   | Bought a wand of mindburst (7) for 137 gold pieces
 63653 | Depths:2 | Found Ziwk's Antique Weapon Emporium.
 63658 | Depths:2 | Found Sausm's Distillery.
 63874 | Depths:2 | Reached skill level 5 in Earth Magic
 64545 | Depths:2 | Identified the +0 scale mail of Tuyliu {rCorr Str+5}
 64965 | Depths:3 | Reached skill level 25 in Short Blades
 64976 | Depths:3 | Found Lint's Book Emporium.
 65006 | Depths:3 | Found a one-way gate to the infinite horrors of the Abyss.
 65048 | Depths:3 | Reached XP level 27. HP: 178/180 MP: 43/43
 65131 | Depths:3 | Found a hide-covered altar of Uskayaw.
 66496 | Depths:4 | Entered Level 4 of the Depths
 67052 | Depths:4 | Found a gate to the Realm of Zot.
 67350 | Depths:4 | Found Ryorr's Antique Weapon Shop.
 67356 | Depths:4 | Bought a crude rapier for 459 gold pieces
 67356 | Depths:4 | Identified the +5 rapier of Reto {venom, ^Drain rF+ rC+
                  | rCorr} (You bought it in a shop on level 4 of the Depths)
 67566 | Depths:4 | Found Hiafrao's Jewellery Shop.
 67566 | Depths:4 | Found Moh Qosch's Jewellery Shop.
 67567 | Depths:4 | Found Qoneitod's Book Shoppe.
 67572 | Depths:4 | Bought a book of Minor Magic for 240 gold pieces
 67575 | Depths:4 | Learned a level 2 spell: Blink
 67653 | Zot:1    | Entered Level 1 of the Realm of Zot
 68544 | Zot:1    | Reached skill level 26 in Short Blades
 69051 | Zot:1    | Found the +4 dragonskin cloak {Aegis}
 69051 | Zot:1    | Noticed Tiamat
 69660 | Zot:1    | HP: 6/179 [red draconian scorcher][Tiamat] (3)]
 69660 | Zot:1    | Killed from afar by Tiamat

Illustrated notes

Levels and vault maps discovered:
D:1:      spicycebolla_arrival_clurvy, layout_rooms,
          chequers_ecumenical_altar_simple_redux, minmay_cupped
D:2:      layout_basic, chequers_arboretum, st_stairs_5, uniq_natasha
D:3:      layout_rooms, kennysheep_generic_room_5, uniq_terence
D:4:      layout_basic, uniq_sigmund, uniq_blork_the_orc
D:5:      layout_loops_cross, minivault_1, blue_anna_alchemist, uniq_grinder,
          uniq_eustachio
D:6:      layout_basic, temple_doors_e, serial_shops, nicolae_shop_trees
D:7:      layout_loops_corners, serial_aquarium, aquarium_bridge_square
          [aquarium_subvault_bridge, aquarium_subvault_bridge,
          aquarium_subvault_bridge, aquarium_subvault_bridge],
          aquarium_bridge_straight [aquarium_subvault_bridge,
          aquarium_subvault_wall, aquarium_subvault_bridge,
          aquarium_subvault_window], aquarium_window_2, aquarium_window_2,
          aquarium_view_2c, aquarium_view_2d, aquarium_balcony_1b,
          enter_ossuary_2
D:8:      layout_basic, marbit_many_paths, hangedman_decor_clover_reticule
D:9:      layout_small_grid, mainiacjoe_overflow_catwalk_spiral,
          erik_lair_island, ebering_ghost_disaster_area, uniq_harold,
          uniq_psyche
D:10:     layout_layer_cave
D:11:     layout_roguey, zombieorc2_lemuel, minivault_12
D:12:     layout_cave_pods
D:13:     layout_loops_cross, enter_trove_2, onia_ninara_dug_in_and_dangerous
D:14:     layout_loops_ring, hellmonk_vaults_attempted_burglary,
          hangedman_abyss_or_decor_clamps, kennysheep_minor_cross, uniq_rupert
D:15:     gammafunk_depths_entry_grave, layout_irregular_city,
          lemuel_crystal_altar
Temple:   hellmonk_temple_divided_pantheon
Lair:1:   layout_loops_ring, kennysheep_abandoned_house
Lair:2:   layout_cave_pods, gauntlet_entry_generic
Lair:3:   layout_gridlike, alex1729_swamp_entry_worm_eleionoma,
          nicolae_snake_entry_warm_welcome
Lair:4:   layout_cave_pods, lemuel_altar_in_water2, minivault_24
Lair:5:   minmay_lair_end_enchanted_forest, layout_big_grid, slime_entry_1,
          serial_bayou_shore_b
Swamp:1:  layout_falls_marsh, wheals_swamp_sinkhole
Swamp:2:  layout_basic_swamp, gammafunk_ghost_berserking_beasts,
          evilmike_swamp_ruin_house_6, swamp_pool_1_2,
          tekkud_bubbles_buried_in_this_jungle, infiniplex_staircase_pool
Swamp:3:  layout_basic_swamp, evilmike_swamp_ruin_wall, uniq_donald
Swamp:4:  swamp_basic_johnstein, layout_basic_swamp, swamp_pool_5, uniq_roxanne
Snake:1:  hangedman_cross_stitches, layout_cave_shapes, serial_shops, shop,
          shop, nicolae_shop_tiny_statue_garden, shop, basic_altar,
          nicolae_snake_mages_go_home, uniq_azrael
Snake:2:  layout_rooms, drop_trap, uniq_aizul
Snake:3:  layout_cave_town, serial_shops, nicolae_shop_drivethru,
          statue_in_the_mist_lemuel
Snake:4:  snake_pit_salamanders_mu, layout_gridlike, serial_curves,
          eino_curves_03, eino_curves_02, nicolae_snake_flat_spine, drop_trap,
          nicolae_shop_overcharged_wands
Orc:1:    layout_caves
Orc:2:    st_orc_congregation, layout_diamond_mine, enter_volcano_1,
          serial_shops, bzr_entry_safe
Elf:1:    layout_loops_cross, minmay_elf_annihilation, uniq_norris
Elf:2:    elven_hall_of_blades_hangedman_original
          [nicolae_blade_entry_area_security], layout_geoelf_octagon,
          basic_altar
Elf:3:    minmay_elf_hall, layout_geoelf_castle, hellmonk_elf_help, uniq_louise
Vaults:1: nicolae_vaults_quartermaster, nicolae_vaults_sightless_eye,
          grunt_vaults_trifunnel, ontoclasm_vaults_fault, lemuel_angel_altar,
          hangedman_vaults_slice, hangedman_vaults_nails, grunt_vaults_bifocal,
          nicolae_vaults_tetromino_Z_1, v_pattern_3, vaults_dpeg_ring,
          layout_vaults_omnigrid
Vaults:2: hangedman_vaults_slither, minmay_crypt_entry_simple_statues,
          nicolae_vaults_offset_grid_hallway_2, dpeg_vaults_monster_row,
          v_alt_pattern_4, vaults_mumra_minichess, nicolae_vaults_tetromino_L_2,
          hangedman_vaults_stitches, nicolae_vaults_storage_closets_2,
          v_rooms_5, ontoclasm_vaults_pinch, ontoclasm_vaults_ring_small,
          nicolae_vaults_tetromino_L_2, layout_vaults_omnibox
Vaults:3: nicolae_vaults_tetromino_L_1, nicolae_vaults_tetromino_T_1,
          hangedman_vaults_hard_town_square, vaults_room_fours, v_misc_28,
          nicolae_vaults_ellipses_ellipsis, nicolae_vaults_diagonal_hallway_8,
          v_misc_2, nicolae_vaults_oval_intersection, grunt_vaults_twisty,
          nicolae_vaults_three_branches, nicolae_vaults_house_1,
          nicolae_vaults_trapezoid_lopsided_3, layout_vaults_ring, serial_shops,
          nicolae_shop_tiny_real_fake_doors
Vaults:4: nicolae_vaults_arrows, v_rooms_2, v_misc_8, nicolae_vaults_shock_wave,
          nicolae_vaults_more_shelving_2, nicolae_vaults_little_squares_6,
          nicolae_vaults_stairing_the_circle, nicolae_vaults_trapezoid_3,
          nicolae_vaults_little_squares_1, nicolae_vaults_alarming,
          vaults_dpeg_cross, nicolae_vaults_double_plus_1,
          nicolae_vaults_asterisk, v_misc_19, nicolae_vaults_storage_closets_1,
          layout_vaults_omnicross, serial_shops, bzr_entry_lakeside,
          uniq_margery, uniq_zenata, uniq_xtahua
Vaults:5: uniq_frederick
Depths:1: layout_gridlike, enter_ziggurat_d, rand_demon_pan_entry_1,
          hangedman_geh_valley, dk_noncrumbling_3, grunt_potential
Depths:2: minmay_polygon_palace, layout_cave_pools, pan_entry, hell_entry,
          serial_shops, bzr_entry_road, chequers_serial_rivers_micro_a,
          minmay_shattered_shrine, minmay_shop_star,
          minmay_staircase_windowed_small
Depths:3: minmay_quantized_circle, layout_basic, minmay_crystal_room,
          minmay_room_of_horrors, grunt_hell_entry_dis_old, serial_shops,
          kennysheep_mini_moat, nicolae_uskayaw_dance_hall,
          infiniplex_staircase_squiggle
Depths:4: evilmike_zot_entry_diamond, layout_long_grid, hell_entry,
          serial_shops, nicolae_lakefront_shop, pan_entry, st_stairs_14,
          minmay_shop_grove, serial_bayou_shore_b, grunt_megastairs_5
Zot:1:    regret_index_malice_mire, layout_misc_corridors, uniq_tiamat

Skill      XL: |  1  2  3  4  5  6  7  8  9 10 11 12 13 14 15 16 17 18 19 20 21 22 23 24 25 26 27 |
---------------+----------------------------------------------------------------------------------+-----
Short Blades   | 2 3 5 7 8 11 12 13 14 15 16 17 18 19 20 21 22 23 24 25 26 | 26.1
Dodging        | 3 4 5 6 8 10 11 12 13 14 15 16 17 18 19 20 21 22 23 24 | 24.1
Fighting       | 1 2 3 4 5 6 7 8 9 10 11 12 13 14 15 16 | 16.9
Armour         | 1 2 3 5 6 7 8 9 10 11 12 13 | 13.0
Stealth        | 5 6 7 9 10 11 12 13 14 15 16 17 18 19 20 21 | 21.3
Evocations     | 2 3 6 7 8 9 10 11 12 13 14 15 16 18 19 | 19.5
Throwing       | 2 4 5 |  5.0
Shields        | 1 2 3 4 5 6 7 8 9 10 11 | 11.5
Spellcasting   | 4 5 6 7 8 9 11 | 11.8
Ice Magic      | 2 3 4 |  4.4
Hexes          | 4 5 6 7 8 9 10 11 | 11.7
Air Magic      | 2 4 5 6 7 8 9 10 | 10.9
Translocations | 2 |  2.9
Earth Magic    | 1 3 5 |  5.2

Action                     |  1- 3 |  4- 6 |  7- 9 | 10-12 | 13-15 | 16-18 | 19-21 | 22-24 | 25-27 || total
---------------------------+-------+-------+-------+-------+-------+-------+-------+-------+-------++-------
  Melee: Dagger            |    70 |   105 |   218 |   596 |  2186 |  2577 |  2375 |  2445 |  3270 || 13842
  Throw: Dart              |       |       |     1 |       |    12 |       |     5 |       |       ||    18
   Cast: Ensorcelled Hiber |       |       |       |       |    15 |    18 |       |       |       ||    33
         Silence           |       |       |       |       |       |       |    65 |   118 |   142 ||   325
         Apportation       |       |       |       |       |       |       |     2 |     3 |       ||     5
         Blink             |       |       |       |       |       |       |       |       |     2 ||     2
 Invoke: Curse Item        |       |       |       |     3 |     6 |     4 |     2 |     1 |       ||    16
         Shatter the Chain |       |       |       |       |     3 |     1 |     1 |     1 |     1 ||     7
  Evoke: Wand              |       |       |       |     6 |     6 |       |       |       |     1 ||    13
         Lightning rod     |       |       |       |       |     2 |     2 |       |     1 |     4 ||     9
         Sack of spiders   |       |       |       |       |       |     3 |       |     2 |     1 ||     6
         Tin of tremorston |       |       |       |       |       |     3 |       |     1 |       ||     4
    Use: Scroll            |     4 |     1 |     4 |     7 |     1 |     1 |       |     3 |     2 ||    23
         Potion            |       |     1 |     1 |     7 |     4 |     8 |     2 |     3 |     6 ||    32
   Stab: Sleeping          |    16 |    10 |    22 |    36 |    84 |    87 |   181 |   213 |   239 ||   888
         Invisible         |       |     1 |     3 |     3 |     2 |       |       |       |       ||     9
         Distracted        |       |       |     2 |     5 |     9 |    20 |    15 |    10 |    13 ||    74
         Held in net/web   |       |       |       |       |       |     2 |       |     1 |       ||     3
 Armour: Robe              |    22 |    29 |     6 |       |       |       |       |       |       ||    57
         Leather armour    |       |       |    19 |   135 |   244 |       |       |       |       ||   398
         Plate armour      |       |       |       |       |   127 |       |       |       |       ||   127
         Troll leather arm |       |       |       |       |   121 |   658 |   457 |   310 |   378 ||  1924
  Dodge: Dodged            |    37 |    42 |    80 |   304 |  1027 |  1457 |  1281 |  1064 |  1200 ||  6492
  Block: Buckler           |       |       |       |       |   127 |   332 |       |       |       ||   459
         Kite shield       |       |       |       |       |       |   526 |  1390 |  1076 |  1329 ||  4321
         Reflection        |       |       |       |       |       |    26 |    32 |    17 |    16 ||    91

Table legend: (Time is in decaauts)
 A = Elapsed time spent in this place.
 B = Non-inter-level travel time spent in this place.
 C = Inter-level travel time spent in this place.
 D = Time resting spent in this place.
 E = Time spent auto-exploring this place.
 F = Levels seen in this place.
 G = Mean time per level.
                   A        B        C        D        E       F      G
               +--------+--------+--------+--------+--------+-----+--------+
         Total |  62162 |  56100 |   6062 |   9247 |  16552 |  52 | 1195.4 |
       Dungeon |  16562 |  14425 |   2137 |   1843 |   8018 |  15 | 1104.1 |
        Temple |     30 |     18 |     12 |      0 |      0 |   1 |   30.0 |
          Lair |   7717 |   6611 |   1106 |   1308 |   3264 |   5 | 1543.4 |
         Swamp |   4105 |   3863 |    242 |    180 |    866 |   4 | 1026.2 |
     Snake Pit |   6171 |   5809 |    362 |    633 |   1214 |   4 | 1542.8 |
  Orcish Mines |   1942 |   1809 |    133 |    180 |    683 |   2 |  971.0 |
   Elven Halls |   4292 |   4133 |    159 |    882 |    469 |   3 | 1430.7 |
        Vaults |  12012 |  10435 |   1577 |   2328 |   1349 |   5 | 2402.4 |
        Depths |   6372 |   6041 |    331 |   1066 |    526 |   4 | 1593.0 |
           Zot |   1252 |   1252 |      0 |    465 |      0 |   1 | 1252.0 |
         Abyss |    268 |    268 |      0 |      9 |      0 |   1 |  268.0 |
        Bazaar |    251 |    251 |      0 |      0 |      0 |   3 |   83.7 |
         Trove |     58 |     58 |      0 |      0 |      0 |   1 |   58.0 |
       Ossuary |    229 |    229 |      0 |     28 |      0 |   1 |  229.0 |
       Volcano |    128 |    128 |      0 |      0 |      0 |   1 |  128.0 |
      Gauntlet |    767 |    767 |      0 |    324 |    163 |   1 |  767.0 |
               +--------+--------+--------+--------+--------+-----+--------+

Top non-repeatable levels by time:
Vaults:1: 2652 daAuts
Vaults:4: 2648 daAuts
Vaults:5: 2402 daAuts
Vaults:2: 2241 daAuts
 Snake:4: 2085 daAuts
Vaults:3: 2066 daAuts
   Elf:3: 1861 daAuts
  Lair:3: 1855 daAuts
Depths:2: 1846 daAuts
Depths:1: 1768 daAuts
 Swamp:4: 1723 daAuts
    D:11: 1601 daAuts
  Lair:5: 1593 daAuts
    D:14: 1559 daAuts
  Lair:4: 1495 daAuts
